Unix NetHack Version 3.7.0-88 Work-in-progress - last build Aug 6 2023 23:41:04 (5c9c4c7fffe0d5f0a8b1342c2a36a56ed743986a,branch:master). Game began 2023-08-11 10:56:09, ended 2023-08-11 20:15:10. misanthrope, neutral male human Wizard --- -----.-- -# ##.[)%..| --#.--.....)-- --.......)[..| |........(.)-- ... ---.@.%..)| -.--....| ^.--...------ ..-|...)--.|.-- -. --M........| . --...)....>| -.............-- |......!......- -..*.......0...| |....0....... .-- --.. ..........| --........|.--- ---.---.---- -- --- Misanthrope the Thaumaturge St:4 Dx:15 Co:16 In:18 Wi:13 Ch:8 Neutral Dlvl:8 $:932 HP:0(63) Pw:16(87) AC:8 Xp:8/2072 T:5700 Burdened Fly Latest messages: The gnome zombie is destroyed! Holly drops a crossbow bolt. The gray dragon picks up a violet gem. You see here a gnome corpse. The large cat picks up a hooded cloak. The large cat drops a hooded cloak. You see here a thonged club. You see here 2 arrows. The large cat picks up a greased dagger. You see here a thonged club. In what direction? Boing! Holly picks up a leash. You see here a candle. The large cat drops a greased dagger. The large cat picks up a crossbow bolt. You hit the gray dragon! The gray dragon bites! The gray dragon hits! The gray dragon hits again! You hit the gray dragon! The large cat drops a crossbow bolt. The gray dragon bites! The gray dragon hits! The gray dragon hits again! You hit the gray dragon! The Green-elf wields a runed bow! The gray dragon bites! The gray dragon hits! The gray dragon hits again! The Green-elf shoots 4 runed arrows! You are hit by the 1st runed arrow. You are almost hit by the 2nd runed arrow. You are hit by the 3rd runed arrow. The 4th runed arrow misses you. The ettin zombie attacks a spot beside you. There is a polymorph trap here. You escape a polymorph trap. The ettin zombie attacks a spot beside you. The ettin zombie turns into a dwarf mummy! It bites the Green-elf. It misses the Green-elf. You hear some noises in the distance. The Green-elf shoots 4 runed arrows! You are hit by the 1st runed arrow. Wizard, your life force is running out. You are hit by the 2nd runed arrow! You die... Do you want your possessions identified? [ynq] (y) Do you want to see your attributes? [ynq] (y) Inventory: Coins ('$') $ - 932 gold pieces Amulets ('"') P - an uncursed amulet of flying (being worn) Weapons (')') a - a blessed +4 quarterstaff (weapon in hands) Armor ('[') J - an uncursed +0 dwarvish iron helm m - an uncursed +0 pair of speed boots (being worn) b - an uncursed +0 cloak of magic resistance (being worn) B - an uncursed +0 mummy wrapping Comestibles ('%') p - an uncursed food ration Y - 2 uncursed food rations Scrolls ('?') V - a blessed scroll of blank paper C - 3 uncursed scrolls of blank paper O - 2 uncursed scrolls of blank paper y - an uncursed scroll of confuse monster s - 2 uncursed scrolls of destroy armor q - an uncursed scroll of punishment Q - an uncursed scroll of remove curse h - an uncursed scroll of scare monster i - 2 uncursed scrolls of teleportation Spellbooks ('+') n - a blessed spellbook of force bolt Potions ('!') N - an uncursed potion of blindness D - an uncursed potion of booze x - a blessed potion of confusion z - an uncursed potion of fruit juice A - an uncursed potion of full healing L - an uncursed potion of levitation G - an uncursed potion of paralysis o - an uncursed potion of restore ability g - an uncursed potion of sleeping f - 2 uncursed potions of speed I - a potion of holy water U - a potion of unholy water Rings ('=') W - an uncursed ring of cold resistance d - an uncursed ring of free action j - an uncursed ring of free action e - an uncursed ring of searching (on left hand) Wands ('/') S - an uncursed wand of make invisible (0:6) R - an uncursed wand of make invisible (0:5) c - an uncursed wand of striking (0:4) Tools ('(') v - an uncursed blindfold named Slp u - an uncursed pair of lenses (being worn) k - an uncursed skeleton key named P5656 Z - a cursed wax candle Gems/Stones ('*') E - an uncursed sapphire t - 2 uncursed worthless pieces of blue glass K - an uncursed worthless piece of green glass T - an uncursed worthless piece of orange glass M - a cursed worthless piece of violet glass X - 2 uncursed worthless pieces of yellowish brown glass Misanthrope the Wizard's attributes: Background: You were a Thaumaturge, a level 8 male human Wizard. You were neutral, on a mission for Thoth who was opposed by Ptah (lawful) and Anhur (chaotic). You were in the Gnomish Mines, on level 8. You entered the dungeon 5700 turns ago. You had 2072 experience points, 488 more were needed to attain level 9. Basics: You had 0 out of 63 hit points. You had 16 out of 87 energy points (spell power). Your armor class was 8. Your wallet contained 932 zorkmids. Autopickup was off. Final Characteristics: Your strength was 4 (peak:10, limit:18/100). Your dexterity was 15 (limit:18). Your constitution was 16 (limit:18). Your intelligence was 18 (limit:18). Your wisdom was 13 (limit:18). Your charisma was 8 (limit:18). Final Status: You were flying. You were not hungry. You were burdened; movement was slightly slowed. You were wielding a quarterstaff. You had expert skill with quarterstaff. Final Attributes: You were piously aligned. You were magic-protected. You were sleep resistant. You had automatic searching. You were invisible. You were warded. You were very fast. You are dead. Miscellaneous: You never encountered a bones level. Total elapsed playing time was 3 hours, 57 minutes and 53 seconds. Major events: Turn 1: misanthrope the neutral male human Wizard entered the dungeon 888: entered the Gnomish Mines 930: attained the rank of Conjurer (level 3) 2816: attained the rank of Thaumaturge (level 6) 4137: reached Mine Town 5700: killed by an elven arrow Vanquished creatures: a guardian naga a vampire a couatl a giant beetle 2 leprechauns a horse a vampire bat a gnome ruler 2 orc mummies a dwarf mummy a brown pudding a rust monster a yeti a dwarf leader a snake a rope golem a water nymph a rock mole a fog cloud a shrieker 9 gnome leaders a kobold mummy a gray ooze a straw golem 3 paper golems 4 giant ants 11 dwarves a homunculus a kobold leader 2 kobold shamans 20 hill orcs 3 rothes a rabid rat 2 giant bats an orc zombie 2 dwarf zombies 5 iguanas 2 acid blobs 2 gas spores 5 hobbits a hobgoblin 4 giant rats a yellow mold 2 red molds 41 gnomes 2 gnome zombies 4 geckos 4 jackals a fox 2 kobolds 6 sewer rats 5 grid bugs a lichen 3 kobold zombies 6 newts 182 creatures vanquished. No species were genocided or became extinct. Voluntary challenges: You read items or engraved 20 times. You engraved Elbereth 1 time. You never genocided any monsters. You never polymorphed an object. You never changed form. You used no wishes. Achievements: You entered the Gnomish Mines. You attained the rank of Conjurer. You entered a shop. You attained the rank of Thaumaturge. You entered Minetown. You entered a temple. The Dungeons of Doom: levels 1 to 6 Level 1: A fountain, a sink. Level 2: Level 3: A general store, some fountains. Stairs down to The Gnomish Mines. Level 4: "vault" An altar, a grave. Level 5: Many fountains. Level 6: A fountain. The Gnomish Mines: levels 4 to 8 Level 4: Level 5: Level 6: Level 7: Many shops, a temple, some fountains, some trees. Level 8: <- You were here. Final resting place for you, killed by an elven arrow. Game over: ---------- / \ / REST \ / IN \ / PEACE \ / \ | misanthrope | | 932 Au | | killed by an | | elven arrow | | | | | | 2023 | *| * * * | * _________)/\\_//(\/(/\)/\//\/|_)_______ Goodbye misanthrope the Wizard... You died in The Gnomish Mines on dungeon level 8 with 9883 points, and 932 pieces of gold, after 5700 moves. You were level 8 with a maximum of 63 hit points when you died.